 Dungeon Crawl Stone Soup version 0.31-a0-233-g139696dc86 (webtiles) character file.

Game seed: 6175437287567321489

3397 experimilk the Tainter (level 9, -4/55 HPs)
             Began as a Grey Draconian Venom Mage on July 9, 2023.
             Was a Believer of Hepliaklqana.
             Slain by a steam dragon (8 damage)
             ... on level 8 of the Dungeon.
             The game lasted 00:22:30 (10830 turns).

experimilk the Tainter (Grey Draconian Venom Mage) Turns: 10830, Time: 00:22:31

Health: -4/55      AC: 13    Str: 12    XL:     9   Next: 75%
Magic:  15/15      EV: 12    Int: 20    God:    Hepliaklqana [**....]
Gold:   442        SH:  0    Dex: 12    Spells: 6/17 levels left

rFire   . . .        m - +7 dagger of Res Judicata {speed, Str+2}
rCold   . . .        (no shield)
rNeg    . . .        (body armour unavailable)
rPois   .            (helmet restricted)
rElec   .            (no cloak)
rCorr   .            (no gloves)
SInv    .            g - +0 pair of boots
Will    .....        (no amulet)
Stlth   ++           (no ring)
HPRegen 0.29/turn    (no ring)
MPRegen 0.14/turn

%: no passive effects
@: no status effects
A: reduced essence, AC +12, amphibious, unfitting armour, cold-blooded
a: Renounce Religion, Recall Ancestor, Ancestor Identity


You were on level 8 of the Dungeon.
You worshipped Hepliaklqana.
Hepliaklqana was pleased with you.
You visited 2 branches of the dungeon, and saw 9 of its levels.

You collected 442 gold pieces.

Inventory:

Hand Weapons
 b - a +0 spear
 m - the +7 dagger of Res Judicata (weapon) {speed, Str+2}
   (You took it off an orc on level 3 of the Dungeon)

   Str:       It affects your strength (+2).
Armour
 g - a +0 pair of boots (worn)
 s - a +0 kite shield
Magical Staves
 d - a staff of poison
 C - a staff of conjuration
Jewellery
 e - a ring of fire
 t - a ring of protection from fire
 y - a ring of protection from cold
Wands
 A - a wand of digging (5)
Scrolls
 c - 2 scrolls of teleportation {unknown}
 f - a scroll of torment {unknown}
 j - 2 scrolls of silence {unknown}
 l - a scroll of poison {unknown}
 o - 2 scrolls of identify
 p - 2 scrolls of fog
 q - a scroll of enchant weapon {unknown}
 r - a scroll of amnesia
 v - a scroll of brand weapon {unknown}
 w - 2 scrolls of blinking {unknown}
 B - a scroll of immolation {unknown}
Potions
 a - 3 potions of magic
 h - 2 potions of might {unknown}
 i - a potion of cancellation {unknown}
 k - a potion of berserk rage
 n - 4 potions of curing
 u - a potion of heal wounds {unknown}
 x - 3 potions of attraction
 z - a potion of enlightenment {unknown}


   Skills:
 - Level 2.0 Staves
 - Level 1.7 Dodging
 - Level 1.7 Stealth
 - Level 4.5 Spellcasting
 * Level 8.6 Conjurations
 - Level 4.5 Translocations
 - Level 1.0 Transmutations
 - Level 9.0 Poison Magic


You had 6 spell levels left.
You knew the following spells:

 Your Spells              Type           Power      Damage    Failure   Level
a - Sting                 Tmut/Pois      96%        1d7       1%          1
b - Blink                 Tloc           44%        N/A       3%          2
x - Iskenderun's Mystic   Conj/Tloc      30%        2d8       9%          4
z - Olgreb's Toxic Radia  Pois           40%        N/A       3%          4

Your spell library contained the following spells:

 Spells                   Type           Power      Damage    Failure   Level
 Kiss of Death            Conj/Necr      84%        2d11      1%          1
 Magic Dart               Conj           100%       1d8       1%          1
 Momentum Strike          Conj/Tloc      60%        3d9       1%          2
 Lesser Beckoning         Tloc           44%        N/A       3%          2
 Poisonous Vapours        Pois/Air       44%        N/A       3%          2
 Mephitic Cloud           Conj/Pois/Air  28%        N/A       3%          3
 Volatile Blastmotes      Fire/Tloc      26%        2d12      14%         3
 Call Imp                 Summ           8%         N/A       19%         2
 Flame Wave               Conj/Fire      21%        2d8       21%         4
 Fulminant Prism          Conj/Hex       10%        3d9       21%         4
 Sticky Flame             Conj/Fire      21%        2d4       21%         4
 Confusing Touch          Hex            4%         N/A       36%         3
 Inner Flame              Hex/Fire       4%         N/A       36%         3
 Dispel Undead            Necr           4%         3d7       77%         4
 Summon Forest            Summ/Tloc      6%         N/A       80%         5
 Lee's Rapid Deconstruct  Erth           2%         3d4*      98%         5
 Summon Mana Viper        Hex/Summ       4%         N/A       98%         5
 Summon Cactus Giant      Summ           2%         N/A       100%        6


Dungeon Overview and Level Annotations

Branches:
Dungeon (8/15)             Temple (1/1) D:4
   Lair: D:8-11

Altars:
Ashenzari
Cheibriados
Dithmenos
Fedhas
Gozag
Hepliaklqana
Kikubaaqudgha
Makhleb
Nemelex Xobeh
Okawaru
Ru
Sif Muna
Trog
Uskayaw
Vehumet
Wu Jian
Xom
Zin
The Shining One

Shops:
D:4 [   D:5 =*   D:7 [

Annotations:
D:4 2 transporters, innerfire43's ghost, novice DsMo


Innate Abilities, Weirdness & Mutations

Your life essence is reduced to manifest your ancestor. (-10% HP)
Your dull iron-grey scales are very hard. (AC +12)
You are amphibious.
You cannot fit into any form of body armour.
You are cold-blooded and may be slowed by cold attacks.


Message History

You tail-slap the steam dragon, but do no damage.
The steam dragon is heavily wounded.
You barely miss the steam dragon.
The steam dragon is heavily wounded.
The steam dragon breathes steam at you. The ball of steam hits you!
Cuahtemoc closely misses the steam dragon.
You hit the steam dragon.
Your tail-slap misses the steam dragon.
The steam dragon is severely wounded.
You are engulfed in a cloud of scalding steam.
The steam dragon bites you but does no damage.
The steam dragon misses you.
You hit the steam dragon.
The steam dragon is severely wounded.
You hit the steam dragon.
The steam dragon is severely wounded.
The steam dragon barely misses you.
The steam dragon claws you but does no damage.
Cuahtemoc hits the steam dragon with a +0 flail!
You closely miss the steam dragon.
The steam dragon is almost dead.
The steam dragon bites you but does no damage.
The steam dragon barely misses you.
You hit the steam dragon but do no damage.
The steam dragon is almost dead.
Cuahtemoc closely misses the steam dragon.
You hit the steam dragon but do no damage.
The steam dragon is almost dead.
The steam dragon breathes steam at you. The ball of steam hits you!
* * * LOW HITPOINT WARNING * * *
You hit the steam dragon.
The steam dragon is almost dead.
You are engulfed in a cloud of scalding steam.
The steam dragon bites you!
* * * LOW HITPOINT WARNING * * *
The steam dragon closely misses you.
Cuahtemoc barely misses the steam dragon.
The steam dragon bites you!
You die...

##.[# #..# #############
#..######...........#
#......##.#########.#
#)####.##.# #.# ##
##.).)..##.# #.#
.####))..#####.###### #.#
..........§§§§§§D...####.#
.###...........R@.....##.#
......#.######.####.#.##.#
.####.#.# #.# #.#.##.# .#
#.#.# #.# #.#.##.# .#
#.#.# #.####...##.#
.####.#.# #...........#
(#....#.# #.######.####
.#.#### ####.# #.# .#.#
..##.# #.#


You could see the friendly Cuahtemoc the knight and a steam dragon (catching
breath, ally target).

Vanquished Creatures
  A two-headed ogre (D:7)
  A wyvern (D:8)
  6 yaks (D:7)
  An orc warrior (D:6)
  An ice beast (D:5)
  2 black bears (D:6)
  An ogre (D:5)
  2 centaurs
  A kobold brigand (D:8)
  A bullfrog (D:6)
  A scorpion (D:6)
  A howler monkey (D:5)
  5 hounds
  A jelly (D:5)
  2 orc priests
  A gnoll bouda (D:7)
  4 iguanas
  6 orc wizards
  16 adders
  7 gnolls
  A shadow imp (D:6)
  3 dart slugs
  23 orcs
  2 bats (D:3)
  2 endoplasms
  A giant cockroach (D:4)
  6 goblins
  6 hobgoblins
  A quokka (D:4)
  5 ball pythons
  3 frilled lizards (D:1)
  6 kobolds
  6 rats
126 creatures vanquished.

Vanquished Creatures (collateral kills)
  A centaur (D:8)
  A jelly (D:6)
  An orc wizard (D:8)
  2 white imps
  2 orcs
7 creatures vanquished.

Vanquished Creatures (others)
  3 ancestors
3 creatures vanquished.

Grand Total: 136 creatures vanquished

Notes
Turn   | Place    | Note
-------+----------+-------------------------------------------
     0 | D:1      | experimilk the Draconian Venom Mage began the quest for the
                  | Orb.
     0 | D:1      | Reached XP level 1. HP: 14/14 MP: 3/3
    98 | D:1      | You fall into a shaft and drop 1 floor!
   391 | D:1      | Reached XP level 2. HP: 20/20 MP: 0/5
   840 | D:2      | Reached skill level 4 in Poison Magic
   897 | D:2      | Reached skill level 1 in Staves
   935 | D:2      | Reached XP level 3. HP: 25/26 MP: 1/6
   999 | D:2      | Learned a level 2 spell: Poisonous Vapours
  1065 | D:2      | Found a blossoming altar of Fedhas.
  1196 | D:2      | Reached XP level 4. HP: 32/33 MP: 0/7
  2215 | D:3      | Identified the +7 dagger of Res Judicata {speed, Str+2}
  2345 | D:3      | Learned a level 4 spell: Olgreb's Toxic Radiance
  2381 | D:3      | Reached skill level 5 in Poison Magic
  2798 | D:3      | Reached XP level 5. HP: 38/38 MP: 2/8
  3678 | D:4      | Found a transporter.
  3678 | D:4      | Noticed innerfire43's ghost (novice DsMo)
  3788 | D:4      | Found Orraxeli's Antique Armour Boutique.
  3807 | D:4      | Reached skill level 6 in Poison Magic
  3940 | D:4      | Reached XP level 6. HP: 29/45 MP: 1/9
  4329 | D:4      | Found a staircase to the Ecumenical Temple.
  4405 | Temple   | Entered the Ecumenical Temple
  4467 | Temple   | Became a worshipper of Hepliaklqana the Forgotten
  4604 | D:4      | Found a transporter.
  4609 | D:4      | Identified the +2 sling of Honour {freeze, Int+3}
  5057 | D:5      | Entered Level 5 of the Dungeon
  5057 | D:5      | Noticed an ice beast
  5468 | D:5      | Reached skill level 7 in Poison Magic
  5663 | D:5      | Found a radiant altar of Vehumet.
  5665 | D:5      | Found an ornate altar of the Wu Jian Council.
  5665 | D:5      | Found a broken altar of Ashenzari.
  5871 | D:5      | Your scales start taking on a dull iron-grey colour.
  5871 | D:5      | Reached XP level 7. HP: 50/50 MP: 0/10
  6002 | D:5      | Reached skill level 8 in Poison Magic
  6077 | D:5      | Found Qesusikk's Assorted Antiques.
  6575 | D:5      | Found Dicuz's Jewellery Shop.
  6639 | D:5      | Reached * piety under Hepliaklqana
  6758 | D:5      | Learned a level 4 spell: Iskenderun's Mystic Blast
  6871 | D:6      | Reached skill level 1 in Conjurations
  6871 | D:6      | Reached skill level 1 in Translocations
  6874 | D:6      | Reached skill level 9 in Poison Magic
  6880 | D:6      | Reached XP level 8. HP: 51/51 MP: 0/11
  7608 | D:6      | Learned a level 2 spell: Blink
  8319 | D:7      | Reached skill level 5 in Conjurations
  8322 | D:7      | Reached XP level 9. HP: 34/55 MP: 0/13
  8627 | D:7      | Noticed a two-headed ogre
  8634 | D:7      | Found Fubeing's Armour Shop.
  8648 | D:7      | Killed a two-headed ogre
  9126 | D:7      | Reached ** piety under Hepliaklqana
  9127 | D:7      | Remembered your ancestor Cuahtemoc as a knight
 10830 | D:8      | Slain by a steam dragon

Illustrated notes

Levels and vault maps discovered:
D:1:      lightli_arrival_boilingwater, layout_basic
D:2:      layout_basic, serial_glass, glass_columns_c, glass_columns_a,
          glass_columns_b, glass_columns_b, glass_columns_b, glass_columns_b,
          glass_columns_a, glass_columns_b, basic_altar
D:3:      layout_rooms, gup_sewer_entry_glass
D:4:      layout_basic, minmay_temple_entry_overgrown, serial_shops, shop,
          gammafunk_ghost_arena, minmay_misc_feat_tiny
D:5:      layout_basic, grunt_temple_overflow_diamond, serial_shops,
          nicolae_shop_just_a_little_nook, nicolae_shop_just_a_little_nook
D:6:      layout_gridville
D:7:      layout_layer_cave, nicolae_stop_n_shop_1
D:8:      layout_loops_ring
Temple:   nicolae_temple_x_marks_the_god

Skill      XL: |  1  2  3  4  5  6  7  8  9 |
---------------+----------------------------+-----
Poison Magic   | 4 5 6 7 9 |  9.0
Staves         | 1 2 |  2.0
Conjurations   | 2 5 8 |  8.6
Translocations | 2 4 |  4.5
Spellcasting   | 3 4 |  4.5
Dodging        | |  1.7
Stealth        | |  1.7
Transmutations | |  1.0

Action                     |  1- 3 |  4- 6 |  7- 9 || total
---------------------------+-------+-------+-------++-------
  Melee: Unarmed           |     5 |       |       ||     5
         Staff             |     8 |     8 |       ||    16
         Tailslap          |     1 |     4 |    15 ||    20
         Dagger            |       |    37 |    89 ||   126
         Punch             |       |       |     1 ||     1
   Cast: Sting             |    53 |    45 |    25 ||   123
         Poisonous Vapours |     2 |    64 |     5 ||    71
         Olgreb's Toxic Ra |       |     3 |    33 ||    36
         Iskenderun's Myst |       |       |     2 ||     2
 Invoke: Ancestor Life: Kn |       |       |     1 ||     1
    Use: Scroll            |       |     3 |     5 ||     8
         Potion            |       |     1 |     1 ||     2
   Stab: Sleeping          |       |     1 |       ||     1
         Distracted        |       |       |     1 ||     1
 Armour: Skin              |    13 |    23 |    52 ||    88
  Dodge: Dodged            |    18 |    30 |    42 ||    90

Table legend: (Time is in decaauts)
 A = Elapsed time spent in this place.
 B = Non-inter-level travel time spent in this place.
 C = Inter-level travel time spent in this place.
 D = Time resting spent in this place.
 E = Time spent auto-exploring this place.
 F = Levels seen in this place.
 G = Mean time per level.
                   A        B        C        D        E       F      G
               +--------+--------+--------+--------+--------+-----+--------+
         Total |  10805 |  10451 |    354 |   3909 |   5433 |   9 | 1200.6 |
       Dungeon |  10735 |  10381 |    354 |   3909 |   5387 |   8 | 1341.9 |
        Temple |     69 |     69 |      0 |      0 |     46 |   1 |   69.0 |
               +--------+--------+--------+--------+--------+-----+--------+

Top non-repeatable levels by time:
     D:5: 2145 daAuts
     D:7: 1918 daAuts
     D:4: 1826 daAuts
     D:3: 1370 daAuts
     D:2: 1238 daAuts
     D:8: 940 daAuts
     D:6: 709 daAuts
     D:1: 586 daAuts
  Temple: 69 daAuts
